 Dungeon Crawl Stone Soup version 0.24-a0-189-g5d897e9104 (webtiles) character file.

Game seed: 8535214514096826348

66 PikkenKukken the Insei (level 4, -3/22 HPs)
             Began as a Vine Stalker Transmuter on Mar 16, 2019.
             Slain by Grinder (5 damage)
             ... on level 3 of the Dungeon.
             The game lasted 00:05:24 (2477 turns).

PikkenKukken the Insei (Vine Stalker Transmuter)    Turns: 2477, Time: 00:05:24

Health: -3/22      AC:  4    Str: 13    XL:     4   Next: 15%
Magic:  0/9        EV: 12    Int: 14    God:
Gold:   106        SH:  0    Dex: 14    Spells: 2/8 levels left

rFire    . . .     SeeInvis .     - Unarmed
rCold    . . .     Gourm    .   (no shield)
rNeg     . . .     Faith    .   f - +1 leather armour
rPois    .         Spirit   +   (no helmet)
rElec    .         Reflect  .   (no cloak)
rCorr    .         Harm     .   (no gloves)
MR       .....                  (no boots)
Stlth    +.........             (no amulet)
HPRegen  0.47/turn              m - ring of wizardry
MPRegen  0.11/turn              (no ring)

@: no status effects
A: fangs 2, regeneration 1, magic shield, antimagic bite, no potion heal 3, rot
immunity
a: no special abilities


You were on level 3 of the Dungeon.
You were hungry.

You visited 1 branch of the dungeon, and saw 3 of its levels.

You collected 106 gold pieces.

Inventory:

Missiles
 a - 26 arrows
Armour
 f - a +1 leather armour (worn)
Jewellery
 m - a ring of wizardry (left hand)
Scrolls
 e - 2 scrolls of identify
 g - a scroll of enchant armour
 h - 4 scrolls of remove curse
Potions
 c - 2 potions of lignification
 i - a potion of magic {unknown}
 j - a potion of flight {unknown}
 k - a potion of curing {unknown}
 l - a potion of resistance {unknown}
Comestibles
 d - 2 rations


   Skills:
 + Level 1.5 Fighting
 + Level 0.2 Armour
 + Level 2.1 Dodging
 + Level 3.3 Unarmed Combat
 + Level 2.8 Spellcasting
 + Level 2.4 Transmutations
 + Level 0.5 Poison Magic


You had 2 spell levels left.
You knew the following spells:

 Your Spells              Type           Power        Failure   Level  Hunger
a - Beastly Appendage     Tmut           #.....       4%          1    #......
b - Sticks to Snakes      Tmut           #.......     6%          2    ###....
c - Spider Form           Tmut/Pois      #.........   19%         3    ###....

Your spell library contained the following spells:

 Spells                   Type           Power        Failure   Level  Hunger
 Ice Form                 Ice/Tmut       #.......     52%         4    #####..
 Blade Hands              Tmut           #.........   71%         5    ######.


Dungeon Overview and Level Annotations

Branches:
Dungeon (3/15)

Altars:
Cheibriados
Okawaru

Annotations:
D:3 Grinder


Innate Abilities, Weirdness & Mutations

You have extremely sharp teeth.
Your natural rate of healing is unusually fast.
When hurt, damage is shared between your health and your magic reserves.
Your bite disrupts and absorbs the magic of your enemies.
Potions cannot restore your health.
You are immune to rotting.


Message History

You hit Grinder but do no damage.
Grinder is moderately wounded.
Grinder blinks!
Your transformation has ended.
Your +1 leather armour unmelds from your body.
Grinder gestures at you. Pain shoots through your body!
Ouch! That really hurt!
* * * LOW HITPOINT WARNING * * *
Casting: Spider Form (safe; 19% risk of failure)
Confirm with . or Enter, or press ? or * to list all spells.
You don't have enough magic to cast that spell.
Grinder blinks!
Grinder barely misses you.
You completely miss Grinder. Your bite misses Grinder.
Grinder is almost dead.
Grinder hits you.
* * * LOW HITPOINT WARNING * * *
You writhe in agony.
You die...

#############
#.....<...@5#
...#########.#
#.# #.# #.#
#.## #.#.##
###.###.######
..# ##5....#


You could see Grinder.

Vanquished Creatures
  Robin (D:2)
  An ooze (D:1)
  2 worms (D:2)
  A dart slug (D:1)
  A leopard gecko (D:1)
  10 bats
  3 giant cockroaches
  6 goblins
  6 hobgoblins
  3 kobolds
  A quokka (D:2)
  2 rats (D:1)
37 creatures vanquished.

Vanquished Creatures (collateral kills)
  3 goblins (D:2)
3 creatures vanquished.

Grand Total: 40 creatures vanquished

Notes
Turn   | Place    | Note
-------+----------+-------------------------------------------
     0 | D:1      | PikkenKukken the Vine Stalker Transmuter began the quest
                  | for the Orb.
     0 | D:1      | Reached XP level 1. HP: 9/9 MP: 4/4
    29 | D:1      | Reached skill level 1 in Fighting
   202 | D:1      | Reached XP level 2. HP: 14/14 MP: 4/6
   296 | D:1      | Learned a level 2 spell: Sticks to Snakes
   885 | D:1      | Reached XP level 3. HP: 18/18 MP: 7/7
  1109 | D:1      | Learned a level 3 spell: Spider Form
  1208 | D:2      | Found a snail-covered altar of Cheibriados.
  1561 | D:2      | Noticed Robin
  1575 | D:2      | Killed Robin
  1814 | D:2      | Gained mutation: Your natural rate of healing is unusually
                  | fast. [Vine Stalker growth]
  1814 | D:2      | Reached XP level 4. HP: 17/22 MP: 3/9
  1978 | D:2      | Found an iron altar of Okawaru.
  2454 | D:3      | Noticed Grinder
  2477 | D:3      | Slain by Grinder

Levels and vault maps discovered:
D:1:      evilmike_arrival_fibonacci_small, layout_basic
D:2:      layout_loops_corners, kennysheep_okawaru_gauntlet,
          nicolae_overflow_crystal_walls, uniq_robin
D:3:      layout_loops_ring, nicolae_ru_sacrificial_ziggurat, first_ration,
          uniq_grinder

Skill      XL: |  1  2  3 |
---------------+----------+-----
Fighting       | 1 |  1.5
Dodging        | 2 |  2.1
Armour         | |  0.2
Unarmed Combat | |  3.3
Spellcasting   | |  2.8
Transmutations | |  2.4
Poison Magic   | |  0.5

Action                   |  1- 3 |  4- 6 || total
-------------------------+-------+-------++-------
Melee: Unarmed           |   100 |    27 ||   127
       Bite              |    19 |     1 ||    20
       Kick              |     7 |     1 ||     8
       Headbutt          |     2 |       ||     2
       Punch             |     1 |       ||     1
 Cast: Beastly Appendage |     8 |     1 ||     9
       Spider Form       |     3 |     1 ||     4
       Sticks to Snakes  |       |     4 ||     4
  Use: Scroll            |     4 |       ||     4
 Stab: Sleeping          |     2 |       ||     2
  Eat: Chunk             |     3 |     2 ||     5
Armor: Robe              |    28 |       ||    28
       Leather armour    |    10 |     3 ||    13
       Skin              |     3 |       ||     3
Dodge: Dodged            |    83 |    17 ||   100

Table legend:
 A = Non-vault XP
 B = Vault XP
 C = Vault XP percentage of total XP
 D = Non-vault monster count
 E = Vault monster count
 F = Vault count percentage of total count
                 A         B        C        D         E       F
            +---------+---------+-------+---------+---------+-------
      Total |      70 |      25 |  26.3 |      33 |       7 |  17.5
            +---------+---------+-------+---------+---------+-------
        D:1 |      39 |       0 |   0.0 |      18 |       0 |   0.0
        D:2 |      31 |      25 |  44.6 |      15 |       7 |  31.8
            +---------+---------+-------+---------+---------+-------
